cohdb
Replays
Latest Replays
All Replays
Popular Replays
Top Player Replays
Match Explorer
How It Works
Community
CoH3 Stats
Reddit
Sign in to upload your games and track your stats! →
Sign in with Steam
Match 42745101
Unlisted
Match 42745101
Overview
Messages
Build Orders
End
Royal Engineer Section
Vickers Machine Gun Team
Construct Section Command Post
Dingo Light Scout Car
Infantry Section
Selects Indian Artillery Battlegroup
Selects Valour
Infantry Section
Construct Platoon Command Post
Construct Field Infirmary
Unlock M3 Stuart Light Tanks
6-pounder Anti-tank Gun Team
Selects Gurkha Rifles Section
M3 Stuart Light Tank
Selects Volunteer Infantry
Gurkha Rifles Section
Construct Company Command Post
Matilda II Heavy Tank
Selects Artillery Saturation
Selects Off-map Airburst Barrage
Foot Guards Section
Royal Engineer Section
Crusader II Medium Tank
Selects Perimeter Monitor
Perimeter Monitor
Unlock M3 Grant Medium Tanks
只愛❤毛妹
Vengeful One
0
0
Comments
sign in to comment!
No comments posted yet!